 Dungeon Crawl Stone Soup version 0.29-a0-1023-g6ae1a4a2c7 (webtiles) character file.

Game seed: 416929628517778016

145 Sobieck the Shooter (level 4, -1/29 (36) HPs)
             Began as a Demigod Hunter on Aug 11, 2022.
             Slain by Terence
             ... wielding a +2 flail of draining
              (8 damage)
             ... on level 3 of the Dungeon.
             The game lasted 00:04:29 (3056 turns).

Sobieck the Shooter (Demigod Hunter)                Turns: 3056, Time: 00:04:29

HP:   -1/29 (36)    AC:  6    Str: 12    XL:     4   Next: 78%
MP:   6/6           EV: 12    Int: 11    God:
Gold: 138           SH:  0    Dex: 21    Spells: 3/3 levels left

rFire   + . .      SeeInvis .   a - +1 shortbow {bow}
rCold   . . .      Faith    .   (shield currently unavailable)
rNeg    . . .      Spirit   .   g - +2 leather armour {rF+}
rPois   .          Reflect  .   (no helmet)
rElec   .          Harm     .   h - +0 cloak
rCorr   .          Rampage  .   (no gloves)
Will    .....                   (no boots)
Stlth   ++........              (no amulet)
HPRegen 0.09/turn               (no ring)
MPRegen 0.10/turn               (no ring)

@: hasted, heavily drained, very quick
A: high MP 1, forlorn, divine attributes
a: no special abilities


You were on level 3 of the Dungeon.
You visited 1 branch of the dungeon, and saw 3 of its levels.

You collected 138 gold pieces.


Innate Abilities, Weirdness & Mutations

You have an increased reservoir of magic. (+10% MP)
You shall have no god before yourself.
Your divine heritage dramatically boosts your attributes as you level up.


   Skills:
 - Level 1.7 Fighting
 * Level 5.8 Ranged Weapons
 - Level 1.7 Dodging
 - Level 0.8 Stealth


You had 3 spell levels left.
You didn't know any spells.
Your spell library contained the following spells:

 Spells                   Type           Power      Damage    Failure   Level
 Sting                    Tmut/Pois      0%         1d3       41%         1
 Poisonous Vapours        Pois/Air       0%         N/A       56%         2
 Olgreb's Toxic Radiance  Pois           0%         N/A       99%         4

Inventory:

Hand Weapons
 a - a +1 shortbow (weapon) {bow}
 j - a +0 spear of chaos {polearm}
   (You took it off a gnoll on level 3 of the Dungeon)
 m - a +0 dagger of chaos {short}
   (You took it off a gnoll on level 3 of the Dungeon)
 o - a +2 dagger of chaos {short}
   (You took it off a gnoll on level 2 of the Dungeon)
 p - a +0 dagger of chaos {short}
   (You took it off an orc on level 3 of the Dungeon)
 s - a +2 short sword of flaming {short}
   (You took it off a kobold on level 3 of the Dungeon)
 u - a +1 spear of chaos {polearm}
   (You took it off a gnoll on level 3 of the Dungeon)
Missiles
 f - 44 stones {throwing}
 n - 5 atropa-tipped darts {throwing}
 t - 5 poisoned darts {throwing}
Armour
 c - a +0 leather armour
 e - a +0 robe
   (You found it on level 1 of the Dungeon)
 g - a +2 leather armour of fire resistance (worn)
   (You found it on level 1 of the Dungeon)
 h - a +0 cloak (worn)
   (You found it on level 1 of the Dungeon)
 k - a +0 ring mail
   (You found it on level 3 of the Dungeon)
 q - a +0 robe
   (You found it on level 3 of the Dungeon)
Scrolls
 b - 3 scrolls of immolation {!r!r}
Potions
 l - a potion of cancellation {unknown}
 r - a potion of heal wounds {unknown}

Dungeon Overview and Level Annotations

Branches:
Dungeon (3/15) Zot: 14869

Shops:
D:3 *

Annotations:
D:3 Terence

#....#.# ######.########
#.##.....# #.##.....#
#.##.....# #..#.....#
##.#.....#
####.#########.#.....###
..$...†@@...............
......$####..........#.#
....... #.......####.#
....... #.......# #.#
!...... #.......# #.#
....... #.......# #.#
....... #.......# #.#
########.......
#.......# #.# ##.).S....
#######.## #.#


You could see Terence.


Message History

The hobgoblin hits you but does no damage.
You shoot an arrow. The arrow hits the hobgoblin.
You kill the hobgoblin!
No target in view!
The white imp shouts!
Danger!
You shoot an arrow. The arrow hits the white imp.
You shoot an arrow. The arrow barely misses the white imp.
The white imp gestures at you. The puff of frost hits you!
You shoot an arrow. The arrow hits the white imp.
You hear an angry hiss.
You shoot an arrow. The arrow hits the white imp.
You shoot an arrow. The arrow hits the white imp!
You kill the white imp!
You shoot an arrow. The arrow closely misses the adder.
The adder bites you but does no damage.
You shoot an arrow. The arrow hits the adder.
The adder bites you.
You are poisoned.
The adder poisons you! The adder barely misses you.
Fire: a) +1 shortbow {bow}
Press: ? - help, Q - select action, (/) - cycle Shift-Dir - straight line, f/p - adder
Aim: an adder (heavily wounded, 50% to hit)
You shoot an arrow. The arrow hits the adder!
You kill the adder!
You feel sick.
Fire: a) +1 shortbow {bow}
Press: ? - help, Q - select action, (/) - cycle Shift-Dir - straight line, f - you That would be overly suicidal.
Okay, then.
Unknown command.
You feel sick.
You feel sick.
You feel sick.
You are no longer poisoned.
Terence is nearby!
Danger!
You shoot an arrow. The arrow barely misses Terence.
Terence shouts!
You shoot an arrow.
The arrow hits Terence but does no damage.
You shoot an arrow. The arrow hits Terence.
Terence bares his teeth.
You shoot an arrow. The arrow hits Terence!
You shoot an arrow.
The arrow hits Terence but does no damage.
You shoot an arrow. The arrow barely misses Terence.
Terence barely misses you.
Terence hits you with a +2 flail of draining!
You feel drained.
Okay, then.
Unknown command.
Fire: a) +1 shortbow {bow}
Press: ? - help, Q - select action, (/) - cycle Shift-Dir - straight line, f/p - Terence
Aim: Terence, wielding a +2 flail of draining and wearing a +0 ring mail (heavily wounded, 69% to hit)
You shoot an arrow. The arrow completely misses Terence.
Terence hits you with a +2 flail of draining!
* * * LOW HITPOINT WARNING * * *
You feel drained.
* * * LOW HITPOINT WARNING * * *
Unknown command.
It was a potion of curing.
You feel better. Terence misses you.
It was a potion of haste.
You feel yourself speed up.
Terence hits you with a +2 flail of draining!
* * * LOW HITPOINT WARNING * * *
You feel drained.
* * * LOW HITPOINT WARNING * * *
Unknown command.
Fire: a) +1 shortbow {bow}
Press: ? - help, Q - select action, (/) - cycle Shift-Dir - straight line, f/p - Terence
Aim: Terence, wielding a +2 flail of draining and wearing a +0 ring mail (heavily wounded, 69% to hit)
You shoot an arrow. The arrow closely misses Terence.
Terence barely misses you.
Fire: a) +1 shortbow {bow}
Press: ? - help, Q - select action, (/) - cycle Shift-Dir - straight line, f/p - Terence
Aim: Terence, wielding a +2 flail of draining and wearing a +0 ring mail (heavily wounded, 69% to hit)
You shoot an arrow.
The arrow hits Terence but does no damage.
Terence hits you but does no damage.
You feel drained.
Fire: a) +1 shortbow {bow}
Press: ? - help, Q - select action, (/) - cycle Shift-Dir - straight line, f/p - Terence
Aim: Terence, wielding a +2 flail of draining and wearing a +0 ring mail (heavily wounded, 69% to hit)
You shoot an arrow. The arrow hits Terence.
Fire: a) +1 shortbow {bow}
Press: ? - help, Q - select action, (/) - cycle Shift-Dir - straight line, f/p - Terence
Aim: Terence, wielding a +2 flail of draining and wearing a +0 ring mail (severely wounded, 69% to hit)
You shoot an arrow. The arrow hits Terence.
Terence hits you with a +2 flail of draining.
* * * LOW HITPOINT WARNING * * *
You feel drained.
Fire: a) +1 shortbow {bow}
Press: ? - help, Q - select action, (/) - cycle Shift-Dir - straight line, f/p - Terence
Aim: Terence, wielding a +2 flail of draining and wearing a +0 ring mail (severely wounded, 69% to hit)
You shoot an arrow. The arrow barely misses Terence.
Terence closely misses you.
Fire: a) +1 shortbow {bow}
Press: ? - help, Q - select action, (/) - cycle Shift-Dir - straight line, f/p - Terence
Aim: Terence, wielding a +2 flail of draining and wearing a +0 ring mail (severely wounded, 69% to hit)
You shoot an arrow. The arrow barely misses Terence.
Terence hits you with a +2 flail of draining!
You die...

Skill      XL: |  1  2  3 |
---------------+----------+-----
Ranged Weapons | 4 5 |  5.8
Fighting       | |  1.7
Dodging        | |  1.7
Stealth        | |  0.8

Action                   |  1- 3 |  4- 6 || total
-------------------------+-------+-------++-------
 Fire: Shortbow          |   114 |    53 ||   167
  Use: Scroll            |     5 |       ||     5
       Potion            |       |     2 ||     2
Armor: Leather armour    |    19 |     7 ||    26
Dodge: Dodged            |    36 |    13 ||    49

Levels and vault maps discovered:
D:1:      kb_arrival_jail, layout_basic,
          hellmonk_ecumenical_altar_pennies_from_heaven
D:2:      layout_loops_corners, kennysheep_donut
D:3:      layout_basic, tgw_xom, lemuel_round_altar, serial_shops, shop,
          uniq_terence

Notes
Turn   | Place    | Note
-------+----------+-------------------------------------------
     0 | D:1      | Sobieck the Demigod Hunter began the quest for the Orb.
     0 | D:1      | Reached XP level 1. HP: 17/17 MP: 3/3
     2 | D:1      | Noticed a vine stalker
     4 | D:1      | Noticed a spriggan
     4 | D:1      | Noticed a vampire
     6 | D:1      | Noticed a formicid
     8 | D:1      | Noticed a felid
     8 | D:1      | Noticed an ogre
    10 | D:1      | Noticed a minotaur
    12 | D:1      | Noticed an octopode
    12 | D:1      | Noticed a tengu
    14 | D:1      | Noticed a troll
    14 | D:1      | Noticed a demonspawn
    16 | D:1      | Noticed a merfolk
    18 | D:1      | Noticed a demigod
    20 | D:1      | Noticed a gargoyle
    20 | D:1      | Noticed a ghoul
    22 | D:1      | Noticed an elf
    22 | D:1      | Noticed a naga
    24 | D:1      | Noticed a dwarf
    24 | D:1      | Noticed a human
    26 | D:1      | Noticed a draconian
   150 | D:1      | Reached skill level 4 in Ranged Weapons
   226 | D:1      | Reached XP level 2. HP: 24/24 MP: 4/4
   838 | D:2      | Reached XP level 3. HP: 15/29 MP: 5/5
  1756 | D:2      | Reached skill level 5 in Ranged Weapons
  1923 | D:2      | HP: 4/28 [gnoll/+2 dagger of chaos (6)]
  2230 | D:3      | Noticed Terence
  2281 | D:3      | Found Upper's Assorted Antiques.
  2369 | D:3      | You add the spells Sting, Poisonous Vapours and Olgreb's
                  | Toxic Radiance to your library.
  2464 | D:3      | Reached XP level 4. HP: 36/36 MP: 6/6
  3050 | D:3      | HP: 7/31 [Terence/+2 flail of draining (2)]
  3056 | D:3      | Slain by Terence

Vanquished Creatures
  4 gnolls
  4 adders
  A white imp (D:3)
  3 dart slugs (D:1)
  2 orcs
  3 endoplasms
  5 giant cockroaches
  2 goblins
  5 hobgoblins
  6 jackals
  8 ball pythons
  4 bats
  2 frilled lizards (D:1)
  5 kobolds
  4 rats
58 creatures vanquished.

Table legend:
 A = Non-vault XP
 B = Vault XP
 C = Vault XP percentage of total XP
 D = Non-vault monster count
 E = Vault monster count
 F = Vault count percentage of total count
                 A         B        C        D         E       F
            +---------+---------+-------+---------+---------+-------
      Total |     146 |      62 |  29.8 |      52 |       6 |  10.3
            +---------+---------+-------+---------+---------+-------
        D:1 |      43 |       0 |   0.0 |      23 |       0 |   0.0
        D:2 |      40 |      15 |  27.3 |      16 |       1 |   5.9
        D:3 |      63 |      47 |  42.7 |      13 |       5 |  27.8
            +---------+---------+-------+---------+---------+-------

Illustrated notes

Table legend:
 A = Kills in this place as a percentage of kills in entire the game.
 B = Kills by you in this place as a percentage of kills by you in the entire game.
 C = Kills by friends in this place as a percentage of kills by friends in the entire game.
 D = Other kills in this place as a percentage of other kills in the entire game.
 E = Experience gained in this place as a percentage of experience gained in the entire game.
 F = Experience gained in this place divided by the number of levels of this place that you have seen.
                   A       B       C       D       E      F
               +-------+-------+-------+-------+-------+----------------------
         Total | 100.0 | 100.0 |   N/A |   N/A | 100.0 |  69.3
       Dungeon | 100.0 | 100.0 |   N/A |   N/A | 100.0 |  69.3
               +-------+-------+-------+-------+-------+----------------------

Table legend: (Time is in decaauts)
 A = Elapsed time spent in this place.
 B = Non-inter-level travel time spent in this place.
 C = Inter-level travel time spent in this place.
 D = Time resting spent in this place.
 E = Time spent auto-exploring this place.
 F = Levels seen in this place.
 G = Mean time per level.
                   A        B        C        D        E       F      G
               +--------+--------+--------+--------+--------+-----+--------+
         Total |   3130 |   3011 |    119 |    523 |   2090 |   3 | 1043.3 |
       Dungeon |   3130 |   3011 |    119 |    523 |   2090 |   3 | 1043.3 |
               +--------+--------+--------+--------+--------+-----+--------+

Top non-repeatable levels by time:
     D:2: 1414 daAuts
     D:3: 868 daAuts
     D:1: 847 daAuts
